 Dungeon Crawl Stone Soup version 0.30.1-3-gfc49f6343a (webtiles) character file.

Game seed: 423022574317431145

74 Heoruswealwe the Conjurer (level 4, -7/24 HPs)
             Began as a Deep Elf Conjurer on July 27, 2023.
             Killed by an exploding ogre (25 damage)
             ... ignited by their inner flame
             ... on level 4 of the Dungeon.
             The game lasted 00:24:07 (2311 turns).

Heoruswealwe the Conjurer (Deep Elf Conjurer)       Turns: 2311, Time: 00:24:07

Health: -7/24      AC:  3    Str:  4    XL:     4   Next: 9%
Magic:  9/12       EV: 12    Int: 25    God:
Gold:   142        SH:  0    Dex: 13    Spells: 6/12 levels left

rFire   . . .        (no weapon)
rCold   . . .        (no shield)
rNeg    . . .        c - +0 robe
rPois   .            (no helmet)
rElec   .            (no cloak)
rCorr   .            f - +0 pair of gloves
SInv    .            (no boots)
Will    .....        (no amulet)
Stlth   ++           (no ring)
HPRegen 0.24/turn    (no ring)
MPRegen 0.13/turn

%: no passive effects
@: no status effects
A: no striking features
a: no special abilities


You were on level 4 of the Dungeon.
You visited 1 branch of the dungeon, and saw 4 of its levels.

You collected 142 gold pieces.

Inventory:

Armour
 c - a +0 robe (worn)
 f - a +0 pair of gloves (worn)
 s - a +0 robe
 u - a +0 robe
Scrolls
 a - 2 scrolls of amnesia
 e - 2 scrolls of immolation
 i - a scroll of poison {unknown}
 j - a scroll of fog {unknown}
 k - 4 scrolls of teleportation {unknown}
 l - a scroll of fear {unknown}
 m - a scroll of magic mapping {unknown}
 o - a scroll of blinking {unknown}
 p - 2 scrolls of enchant weapon {unknown}
 r - 3 scrolls of identify {unknown}
Potions
 b - a potion of magic
 d - 2 potions of invisibility {unknown}
 g - 2 potions of degeneration {unknown}
 h - a potion of resistance {unknown}
 n - a potion of cancellation {unknown}
 q - a potion of mutation {unknown}
 t - a potion of attraction {unknown}


   Skills:
 - Level 2.4 Dodging
 - Level 2.4 Stealth
 + Level 4.7 Spellcasting
 + Level 5.4 Conjurations


You had 6 spell levels left.
You knew the following spells:

 Your Spells              Type           Power      Damage    Failure   Level
a - Magic Dart            Conj           100%       1d8       1%          1
b - Searing Ray           Conj           64%        2d6       1%          2
c - Dazzling Flash        Conj/Hex       38%        N/A       9%          3

Your spell library contained the following spells:

 Spells                   Type           Power      Damage    Failure   Level
 Sandblast                Erth           10%        2d5       9%          1
 Sting                    Tmut/Pois      20%        1d4       9%          1
 Summon Small Mammal      Summ           20%        N/A       9%          1
 Stone Arrow              Conj/Erth      38%        3d9       9%          3
 Passwall                 Tmut/Erth      4%         N/A       13%         2
 Call Canine Familiar     Summ           5%         N/A       26%         3
 Summon Guardian Golem    Hex/Summ       5%         N/A       26%         3
 Fulminant Prism          Conj/Hex       9%         3d6       28%         4
 Iskenderun's Mystic Bla  Conj/Tloc      19%        2d6       28%         4
 Leda's Liquefaction      Hex/Erth       2%         N/A       63%         4
 Lee's Rapid Deconstruct  Erth           2%         3d5*      93%         5
 Statue Form              Tmut/Erth      3%         N/A       100%        6
 Summon Hydra             Summ           2%         N/A       100%        7
 Summon Horrible Things   Summ           2%         N/A       100%        8


Dungeon Overview and Level Annotations

Branches:
Dungeon (4/15)
 Temple: D:4-7

Altars:


Message History

Done exploring.
Done exploring.
Search for what [Enter for "."]? .
There is an escape hatch in the floor here.
You slide downwards.
The hatch slams shut behind you.
The magic dart hits the ball python.
The ball python is moderately wounded.
The ball python bites you but does no damage.
The ball python grabs you. The ball python constricts you.
The magic dart hits the ball python.
You kill the ball python!
An ogre comes into view. It is wielding a +0 giant club.
The ogre shouts!
You hear a shout!
An iguana comes into view.
The ogre hits you with a +0 giant club!
As you read the scroll labelled UQICRE GU AGU, it crumbles to dust.
It is a scroll of amnesia.
Forget Fulminant Prism, freeing 4 spell levels for a total of 6?
Your memory of Fulminant Prism unravels.
A goblin comes into view. It is wielding a +0 dagger.
As you read the scroll labelled CESHRA XUNKARE, it crumbles to dust.
The creatures around you are filled with an inner flame!
It was a scroll of immolation.
The ogre barely misses you. The ogre barely misses you.
The magic dart hits the ogre.
Flame seeps out of the ogre.
The ogre is lightly wounded.
The ogre is engulfed in blazing flames.
Flame seeps out of the ogre.
Casting: Magic Dart (safe; 1% risk of failure)
Confirm with . or Enter, or press ? or * to list all spells.
Aiming: Searing Ray (safe; 1% risk of failure)
Press: ? - help, Shift-Dir - straight line, f/p - ogre
Aim: an ogre, wielding a +0 giant club (severely wounded, inner flame, 91% to hit)
The searing ray hits the ogre!
Flame seeps out of the ogre.
The ogre is almost dead. (Press . to maintain the ray.)
The ogre is engulfed in blazing flames.
The ogre explodes!
The fiery explosion engulfs you!!
Ouch! That really hurt!
You die...

.. .# .# .. .#
#g .# ##.######
.# #.......# .#
...##.#######.#
#°##§#.......#
#.§○@..#######
####§### #.#
..# ####


There were no monsters in sight!

Vanquished Creatures
  An ogre (D:4)
  A gnoll (D:1)
  An adder (D:3)
  A worm (D:3)
  A dart slug (D:2)
  4 ball pythons
  7 endoplasms
  3 giant cockroaches
  6 goblins
  4 hobgoblins
  2 jackals (D:1)
  A quokka (D:1)
  4 bats
  A frilled lizard (D:2)
  6 kobolds
  5 rats
48 creatures vanquished.

Notes
Turn   | Place    | Note
-------+----------+-------------------------------------------
     0 | D:1      | Heoruswealwe the Deep Elf Conjurer began the quest for the
                  | Orb.
     0 | D:1      | Reached XP level 1. HP: 10/10 MP: 6/6
   126 | D:1      | Reached XP level 2. HP: 15/15 MP: 3/8
   129 | D:1      | Learned a level 2 spell: Searing Ray
   209 | D:1      | You fall into a shaft and drop 1 floor!
   620 | D:1      | Reached skill level 5 in Conjurations
   620 | D:1      | Reached XP level 3. HP: 19/19 MP: 3/10
   627 | D:1      | Learned a level 3 spell: Dazzling Flash
   975 | D:2      | Got the Elucidation of Inconstant Bringing Forth
  1810 | D:3      | Found a faded altar of an unknown god.
  1914 | D:3      | Reached XP level 4. HP: 24/24 MP: 3/12
  1919 | D:3      | Learned a level 4 spell: Fulminant Prism
  2303 | D:4      | Noticed an ogre
  2311 | D:4      | Killed an ogre
  2311 | D:4      | Killed by an exploding ogre... ignited by their inner flame

Illustrated notes

Levels and vault maps discovered:
D:1:      minmay_arrival_pointy, layout_rooms, minmay_door_square
D:2:      layout_loops_ring
D:3:      layout_loops_corners, ebering_ecumenical_altar_rust
D:4:      layout_loops_cross, uniq_robin

Skill      XL: |  1  2 |
---------------+-------+-----
Spellcasting   | 4 |  4.7
Conjurations   | 5 |  5.4
Dodging        | |  2.4
Stealth        | |  2.4

Action                     |  1- 3 |  4- 6 || total
---------------------------+-------+-------++-------
   Cast: Magic Dart        |    87 |    11 ||    98
         Searing Ray       |     1 |     1 ||     2
    Use: Scroll            |       |     2 ||     2
 Armour: Robe              |     5 |     1 ||     6
  Dodge: Dodged            |    11 |     2 ||    13
